 Dungeon Crawl Stone Soup version 0.27-a0-1065-ge809cff456 (webtiles) character file.

Game seed: 10319656270457182078

362 Hodglim the Digger (level 6, -1/34 HPs)
             Began as a Gargoyle Earth Elementalist on Apr 22, 2021.
             Slain by a scorpion (6 damage)
             ... on level 4 of the Dungeon.
             The game lasted 00:22:25 (4072 turns).

Hodglim the Digger (Gargoyle Earth Elementalist)    Turns: 4072, Time: 00:22:26

Health: -1/34      AC:  7    Str: 11    XL:     6   Next: 66%
Magic:  10/12      EV: 12    Int: 18    God:
Gold:   139        SH:  0    Dex: 10    Spells: 4/13 levels left

rFire    . . .     SeeInvis .   a - +0 flail
rCold    . . .     Faith    .   (no shield)
rNeg     + + .     Spirit   .   c - +0 robe
rPois    ∞         Reflect  .   g - +0 helmet
rElec    +         Harm     .   (no cloak)
rCorr    .         Rampage  .   (no gloves)
Will     .....                  (no boots)
Stlth    ++........             (no amulet)
HPRegen  0.11/turn              s - ring of positive energy
MPRegen  0.13/turn              (no ring)

@: no status effects
A: AC +4, negative energy resistance 1, electricity resistance, torment
resistance 1, unbreathing 1, petrification resistance
a: no special abilities


You were on level 4 of the Dungeon.
You visited 1 branch of the dungeon, and saw 5 of its levels.

You collected 139 gold pieces.

Inventory:

Hand Weapons
 a - a +0 flail (weapon)
Missiles
 b - 4 stones
 l - 17 sling bullets
Armour
 c - a +0 robe (worn)
 g - a +0 helmet (worn)
Jewellery
 d - a ring of fire
 s - a ring of positive energy (left hand)
Wands
 t - a wand of acid (7)
Scrolls
 e - 2 scrolls of amnesia {unknown}
 f - a scroll of immolation {unknown}
 h - a scroll of noise {unknown}
 m - a scroll of fear {unknown}
 n - a scroll of torment {unknown}
 p - a scroll of teleportation {unknown}
 w - a scroll of enchant armour {unknown}
 y - a scroll of identify {unknown}
Potions
 i - 2 potions of curing {unknown}
 j - a potion of berserk rage {unknown}
 k - a potion of attraction {unknown}
 o - 2 potions of mutation {unknown}
 q - 2 potions of might {unknown}
 r - a potion of invisibility {unknown}
 u - a potion of heal wounds {unknown}
 v - 2 potions of brilliance {unknown}
 x - a potion of ambrosia {unknown}


   Skills:
 + Level 1.2 Fighting
 + Level 1.1 Maces & Flails
 - Level 0.4 Armour
 + Level 2.1 Dodging
 - Level 2.1 Stealth
 + Level 4.1 Spellcasting
 + Level 0.1 Conjurations
 - Level 0.7 Transmutations
 + Level 6.0 Earth Magic
 + Level 1.1 Evocations


You had 4 spell levels left.
You knew the following spells:

 Your Spells              Type           Power      Damage    Failure   Level
a - Sandblast             Erth           50%        2d12      1%          1
b - Stone Arrow           Conj/Erth      28%        3d8       12%         3
c - Lee's Rapid Deconstr  Erth           12%        3d10*     32%         5

Your spell library contained the following spells:

 Spells                   Type           Power      Damage    Failure   Level
 Passwall                 Tmut/Erth      12%        N/A       5%          2
 Corona                   Hex            3%         N/A       14%         1
 Ensorcelled Hibernation  Hex/Ice        6%         N/A       22%         2
 Petrify                  Tmut/Erth      15%        N/A       34%         4
 Dazzling Flash           Conj/Hex       8%         N/A       38%         3
 Confusing Touch          Hex            3%         N/A       41%         3
 Tukima's Dance           Hex            3%         N/A       41%         3


Dungeon Overview and Level Annotations

Branches:
Dungeon (5/15)
 Temple: D:4-7

Altars:


Innate Abilities, Weirdness & Mutations

Your stone body is resilient. (AC +4)
You are immune to poison.
You resist negative energy. (rN+)
You are resistant to electric shocks. (rElec)
You are resistant to unholy torment.
You can survive without breathing.
You are immune to petrification.


Message History

You hit the hound but do no damage.
The hound is severely wounded.
The hound barely misses you. x2
You hit the hound.
You kill the hound!
You closely miss the scorpion.
The scorpion stings you but does no damage.
The scorpion closely misses you.
You hit the scorpion but do no damage. The scorpion closely misses you.
The scorpion stings you.
You completely miss the scorpion. The scorpion closely misses you.
You closely miss the scorpion. The scorpion stings you!
The scorpion stings you.
Casting: Sandblast (safe; 1% risk of failure)
Confirm with . or Enter, or press ? or * to list all spells.
Aiming: Sandblast (safe; 1% risk of failure)
Press: ? - help, Shift-Dir - straight line, f - scorpion
Aim: a scorpion (81% to hit)
The blast of sand misses the scorpion.
The scorpion barely misses you.
Casting: Sandblast (safe; 1% risk of failure)
Confirm with . or Enter, or press ? or * to list all spells.
Aiming: Sandblast (safe; 1% risk of failure)
Press: ? - help, Shift-Dir - straight line, f/p - scorpion
Aim: a scorpion (81% to hit)
The blast of sand hits the scorpion but does no damage.
The scorpion stings you.
* * * LOW HITPOINT WARNING * * *
Casting: Sandblast (safe; 1% risk of failure)
Confirm with . or Enter, or press ? or * to list all spells.
Aiming: Sandblast (safe; 1% risk of failure)
Press: ? - help, Shift-Dir - straight line, f/p - scorpion
Aim: a scorpion (81% to hit)
The blast of sand hits the scorpion!
The scorpion is moderately wounded.
The scorpion stings you.
* * * LOW HITPOINT WARNING * * *
The scorpion stings you but does no damage.
The scorpion closely misses you. The scorpion stings you.
You die...

### #.# #.## ### #.#
..$..##.###########.#####.#
...............s@..>......#
.##.##.###########.#####)#
#.# #........# # #†#
#........#
#.##.##.######........#
.........................
#.##.##)[.............### #
#........####.###
...........# #.#


You could see a scorpion.

Vanquished Creatures
  A hound (D:4)
  A jelly (D:2)
  A bullfrog skeleton (D:5)
  An iguana (D:5)
  Terence (D:2)
  A scorpion zombie (D:5)
  4 gnolls (D:2)
  7 adders
  A shadow imp (D:5)
  An ufetubus (D:5)
  2 worms (D:2)
  3 dart slugs
  2 orcs (D:3)
  6 endoplasms
  2 giant cockroaches (D:3)
  3 goblins
  5 hobgoblins
  8 jackals
  3 quokkas
  9 ball pythons
  2 bats
  4 frilled lizards
  7 kobolds
  4 rats
79 creatures vanquished.

Notes
Turn   | Place    | Note
-------+----------+-------------------------------------------
     0 | D:1      | Hodglim the Gargoyle Earth Elementalist began the quest for
                  | the Orb.
     0 | D:1      | Reached XP level 1. HP: 10/10 MP: 3/3
   438 | D:1      | Reached skill level 4 in Earth Magic
   438 | D:1      | Reached XP level 2. HP: 15/15 MP: 3/5
   686 | D:1      | Found a faded altar of an unknown god.
  1290 | D:2      | Reached XP level 3. HP: 17/19 MP: 1/7
  1522 | D:2      | Reached XP level 4. HP: 24/24 MP: 3/8
  1536 | D:2      | Reached skill level 5 in Earth Magic
  2030 | D:2      | Reached XP level 5. HP: 28/28 MP: 7/10
  2270 | D:2      | Noticed Terence
  2278 | D:2      | Killed Terence
  3519 | D:3      | Reached XP level 6. HP: 33/33 MP: 5/11
  3753 | D:4      | You fall into a shaft and drop 1 floor!
  3753 | D:5      | Entered Level 5 of the Dungeon
  3882 | D:5      | Reached skill level 1 in Fighting
  3882 | D:5      | Reached skill level 1 in Evocations
  3974 | D:5      | Reached skill level 1 in Maces & Flails
  3974 | D:5      | Reached skill level 6 in Earth Magic
  4010 | D:4      | Learned a level 3 spell: Stone Arrow
  4022 | D:4      | Learned a level 5 spell: Lee's Rapid Deconstruction
  4072 | D:4      | Slain by a scorpion

Illustrated notes

Levels and vault maps discovered:
D:1:      dpeg_arrival_shrine, layout_basic, basic_ecumenical_altar, minivault_5
D:2:      layout_loops_ring, minmay_cupped, uniq_terence
D:3:      layout_basic, feat_on_display
D:4:      layout_basic, nicolae_dithmenos_through_a_glass_darkly, uniq_duvessa
D:5:      layout_rooms

Skill      XL: |  1  2  3  4  5  6 |
---------------+-------------------+-----
Earth Magic    | 4 5 6 |  6.0
Spellcasting   | 3 4 |  4.1
Fighting       | 1 |  1.2
Dodging        | 2 |  2.1
Evocations     | 1 |  1.1
Maces & Flails | 1 |  1.1
Armour         | |  0.4
Stealth        | |  2.1
Conjurations   | |  0.1
Transmutations | |  0.7

Action                   |  1- 3 |  4- 6 || total
-------------------------+-------+-------++-------
Melee: Short sword       |    15 |    21 ||    36
       Flail             |       |    63 ||    63
 Cast: Sandblast         |    31 |    78 ||   109
 Stab: Sleeping          |     2 |       ||     2
Armor: Robe              |     6 |    50 ||    56
Dodge: Dodged            |    10 |    79 ||    89

Table legend: (Time is in decaauts)
 A = Elapsed time spent in this place.
 B = Non-inter-level travel time spent in this place.
 C = Inter-level travel time spent in this place.
 D = Time resting spent in this place.
 E = Time spent auto-exploring this place.
 F = Levels seen in this place.
 G = Mean time per level.
                   A        B        C        D        E       F      G
               +--------+--------+--------+--------+--------+-----+--------+
         Total |   4098 |   3982 |    116 |    727 |   2366 |   5 |  819.6 |
       Dungeon |   4098 |   3982 |    116 |    727 |   2366 |   5 |  819.6 |
               +--------+--------+--------+--------+--------+-----+--------+

Top non-repeatable levels by time:
     D:3: 1293 daAuts
     D:1: 1284 daAuts
     D:2: 1184 daAuts
     D:5: 229 daAuts
     D:4: 106 daAuts
